 Dungeon Crawl Stone Soup version 0.23.2-1-ga50397a (webtiles) character file.

Game seed: 5457875417466266765

43 vlazyslath the Purveyor of Pain (level 3, 0/24 HPs)
             Began as a Vampire Necromancer on May 6, 2019.
             Was an Initiate of Kikubaaqudgha.
             Slain by Terence
             ... wielding a +0 short sword
              (7 damage)
             ... on level 3 of the Dungeon.
             The game lasted 00:11:34 (1522 turns).

vlazyslath the Purveyor of Pain (VpNe)              Turns: 1522, Time: 00:11:35

Health: 0/24       AC:  2    Str:  7    XL:     3   Next: 37%
Magic:  0/6        EV: 12    Int: 18    God:    Kikubaaqudgha [......]
Gold:   104        SH:  0    Dex: 14    Spells: 2/7 levels left

rFire    . . .     SeeInvis +   l - +0 short sword
rCold    + . .     Gourm    .   (no shield)
rNeg     + + .     Faith    .   a - +0 robe
rPois    +         Spirit   .   (no helmet)
rElec    .         Reflect  .   (no cloak)
rCorr    .         Harm     .   (no gloves)
MR       .....                  (no boots)
Stlth    +++.......             (no amulet)
HPRegen  0.04/turn              (no ring)
MPRegen  0.10/turn              (no ring)

@: regenerating slowly
A: fangs 3, see invisible, unbreathing
a: Bat Form, Renounce Religion


You were on level 3 of the Dungeon.
You worshipped Kikubaaqudgha.
Kikubaaqudgha was noncommittal.
You were thirsty.

You visited 2 branches of the dungeon, and saw 5 of its levels.

You collected 104 gold pieces.

Inventory:

Hand Weapons
 l - a +0 short sword (weapon)
Missiles
 q - 2 curare-tipped needles
Armour
 a - a +0 robe (worn)
Jewellery
 e - an uncursed ring of poison resistance {unknown}
 o - an uncursed ring of flight {unknown}
 r - an uncursed ring of fire {unknown}
Scrolls
 b - 2 scrolls of fog {unknown}
 g - a scroll of amnesia {unknown}
 i - 3 scrolls of remove curse {unknown}
 k - a scroll of identify {unknown}
 m - a scroll of noise {unknown}
 p - a scroll of teleportation {unknown}
Potions
 c - 15 potions of blood
 d - 2 potions of ambrosia {unknown}
 f - 4 potions of curing {unknown}
 h - a potion of heal wounds
 j - a potion of flight {unknown}
 n - a potion of berserk rage {unknown}


   Skills:
 - Level 2.1 Dodging
 - Level 3.0 Stealth
 + Level 2.5 Spellcasting
 * Level 5.3 Necromancy


You had 2 spell levels left.
You knew the following spells:

 Your Spells              Type           Power        Failure   Level  Hunger
a - Pain                  Necr           ###.         1%          1    #......
b - Animate Skeleton      Necr           N/A          1%          1    #......
c - Vampiric Draining     Necr           ###.......   5%          3    ###....

Your spell library contained the following spells:

 Spells                   Type           Power        Failure   Level  Hunger
 Regeneration             Chrm/Necr      ##........   17%         3    ###....
 Animate Dead             Necr           N/A          19%         4    #####..


Dungeon Overview and Level Annotations

Branches:
Dungeon (4/15)             Temple (1/1) D:4

Altars:
Ashenzari
Cheibriados
Fedhas
Kikubaaqudgha
Makhleb
Nemelex Xobeh
Okawaru
Zin

Annotations:
D:3 Terence


Innate Abilities, Weirdness & Mutations

You heal slowly.
You have razor-sharp teeth.
You have supernaturally acute eyesight. (SInv)
You can survive without breathing.


Message History

You slide downwards.
The hatch slams shut behind you.
You can't go up here!
There isn't anything here!
Unknown command.
Casting: Pain (safe; 1% risk of failure)
Confirm with . or Enter, or press ? or * to list all spells.
Aiming: Vampiric Draining (safe; 5% risk of failure)
Press: ? - help, Shift-Dir - straight line, f - Terence
Aim: Terence, wielding a +0 short sword and wearing a +0 scale mail (heavily wounded) Terence is almost dead.
You feel life coursing into your body. Terence closely misses you.
You hit Terence but do no damage.
Terence is almost dead.
Terence hits you with a +0 short sword.
* * * LOW HITPOINT WARNING * * *
You closely miss Terence.
Terence is almost dead.
Terence hits you with a +0 short sword!
You die...
Kikubaaqudgha rasps: "You have failed me!
Welcome... oblivion!"

## #.##..###.# #
..##..#..###.# #
#.........#..# ###
#...........#### ##..
##..............####...
#...........##........
#...............###..#
#.....................
#....@...........)....
#####.....@.......#.......
#......<......##..........
?..###..#..##.###.........
#...##..............<..
#..# ..................
#.. ...................
.... g..###........=....
.... .>... .###.[....?..


You could see Terence.

Vanquished Creatures
  A dart slug (D:2)
  A leopard gecko (D:2)
  A ball python (D:2)
  8 bats
  2 giant cockroaches
  6 goblins
  4 hobgoblins
  2 jackals (D:1)
  A quokka (D:2)
  2 frilled lizards (D:2)
  3 kobolds (D:1)
  4 rats
35 creatures vanquished.

Notes
Turn   | Place    | Note
-------+----------+-------------------------------------------
     0 | D:1      | vlazyslath the Vampire Necromancer began the quest for the
                  | Orb.
     0 | D:1      | Reached XP level 1. HP: 13/13 MP: 3/3
     2 | D:1      | Learned a level 1 spell: Animate Skeleton
   153 | D:1      | Reached XP level 2. HP: 16/19 MP: 5/5
   341 | D:1      | Reached skill level 5 in Necromancy
   715 | D:2      | Reached XP level 3. HP: 19/24 MP: 0/6
   721 | D:2      | Learned a level 3 spell: Vampiric Draining
   773 | D:4      | Found a staircase to the Ecumenical Temple.
   779 | Temple   | Entered the Ecumenical Temple
   791 | Temple   | Became a worshipper of Kikubaaqudgha
   970 | D:2      | Noticed Terence
  1522 | D:3      | Slain by Terence

Skill      XL: |  1  2 |
---------------+-------+-----
Necromancy     | 5 |  5.3
Dodging        | |  2.1
Stealth        | |  3.0
Spellcasting   | |  2.5

Action                   || total
-------------------------++-------
Melee: Dagger            ||     8
       Bite              ||     4
       Short sword       ||    24
 Cast: Pain              ||    46
       Animate Skeleton  ||    10
       Vampiric Draining ||     2
 Abil: End Transformatio ||     3
       Bat Form          ||     3
  Use: Potion            ||     1
 Stab: Sleeping          ||     6
Armor: Robe              ||     8
Dodge: Dodged            ||    46
